 Dungeon Crawl Stone Soup version 0.24-a0-499-g1074bba3cf (webtiles) character file.

Game seed: 18285404125732032590

574 Inarius the Chopper (level 7, -5/79 HPs)
             Began as a Demonspawn Hunter on July 14, 2019.
             Was a Follower of Trog.
             Slain by a centaur (9 damage)
             ... on level 5 of the Dungeon.
             The game lasted 00:08:46 (5586 turns).

Inarius the Chopper (Demonspawn Hunter)             Turns: 5586, Time: 00:08:47

Health: -5/79      AC:  7    Str: 20    XL:     7   Next: 12%
Magic:  0/7        EV:  9    Int: 17    God:    Trog [*.....]
Gold:   163        SH:  8    Dex: 13    Spells: 6/6 levels left

rFire    . . .     SeeInvis .   h - +0 hand axe
rCold    . . .     Gourm    .   a - +0 shield
rNeg     . . .     Faith    .   y - +3 leather armour
rPois    .         Spirit   +   (no helmet)
rElec    .         Reflect  .   (no cloak)
rCorr    .         Harm     .   (no gloves)
MR       +....                  v - +0 pair of boots
Stlth    ..........             s - amulet of guardian spirit
HPRegen  0.23/turn              d - ring of protection from magic
MPRegen  0.10/turn              m - +5 ring of intelligence

@: berserking, very quick
A: hooves 2, magic shield
a: Berserk, Renounce Religion


You were on level 5 of the Dungeon.
You worshipped Trog.
Trog was aware of your devotion.
You were not hungry.

You visited 1 branch of the dungeon, and saw 5 of its levels.

You collected 163 gold pieces.

Inventory:

Hand Weapons
 b - a +1 dagger of venom
 h - a +0 hand axe (weapon)
Missiles
 u - a throwing net (quivered)
Armour
 a - a +0 shield (worn)
 g - a +0 plate armour
 v - a +0 pair of boots (worn)
 y - a +3 leather armour (worn)
Jewellery
 d - a ring of protection from magic (left hand)
 m - a +5 ring of intelligence (right hand)
 s - an amulet of guardian spirit (around neck)
Wands
 w - a wand of flame (15)
Scrolls
 c - a scroll of enchant weapon {unknown}
 i - a scroll of teleportation {unknown}
 j - 2 scrolls of magic mapping
 n - a scroll of remove curse
 p - a scroll of identify
 t - a scroll of enchant armour {unknown}
Potions
 e - a potion of agility {unknown}
 k - 2 potions of curing
 l - 3 potions of brilliance {unknown}
 o - 2 potions of heal wounds {unknown}
 q - a potion of lignification {unknown}
 r - a potion of mutation {unknown}
Comestibles
 f - 6 rations


   Skills:
 * Level 3.7 Fighting
 - Level 0.2 Short Blades
 * Level 4.3 Axes
 - Level 3.6 Throwing
 + Level 3.0 Armour
 + Level 2.2 Dodging
 - Level 0.8 Stealth
 + Level 2.0 Shields


You had 6 spell levels left.
You didn't know any spells.
Your spell library was empty.

Dungeon Overview and Level Annotations

Branches:
Dungeon (5/15)
 Temple: D:4-7

Altars:
Trog


Innate Abilities, Weirdness & Mutations

You have hoof-like feet.
When hurt, damage is shared between your health and your magic reserves.


Message History

* * * LOW HITPOINT WARNING * * *
You feel better. The centaur hits you.
* * * LOW HITPOINT WARNING * * *
Okay, then.
You're too hungry.
You hit the centaur.
The centaur is heavily wounded.
The centaur hits you.
* * * LOW HITPOINT WARNING * * *
The centaur hits you but does no damage.
Okay, then.
Unknown command.
You eat one of the 7 rations.
That ration really hit the spot!
The centaur hits you.
* * * LOW HITPOINT WARNING * * *
The centaur hits you but does no damage.
A red film seems to cover your vision as you go berserk!
You feel yourself moving faster!
You feel mighty!
You feel a lot more hungry. The centaur hits you!
You die...

#..#..##
#.###..## #.
##..## #.#
##.># #.#
##.## #.)#
#..#
#..###..##
#.......#
#.c@..##....
#...).###
...#
........#
..#
.......##
.## ......#
# .#####


You could see a centaur.

Vanquished Creatures
  An ogre (D:4)
  A centaur (D:2)
  2 electric eels (D:4)
  Jessica (D:3)
  3 worker ants
  A hound skeleton (D:4)
  8 gnolls
  5 adders
  2 oozes
  2 worms
  A dart slug (D:1)
  6 leopard geckos
  5 orcs
  8 bats
  5 giant cockroaches
  9 goblins
  7 hobgoblins
  3 jackals (D:3)
  4 quokkas
  4 ball pythons (D:1)
  5 frilled lizards
  7 kobolds
  A leopard gecko skeleton (D:4)
  7 rats
98 creatures vanquished.

Notes
Turn   | Place    | Note
-------+----------+-------------------------------------------
     0 | D:1      | Inarius the Demonspawn Hunter began the quest for the Orb.
     0 | D:1      | Reached XP level 1. HP: 16/16 MP: 1/1
   216 | D:1      | Gained mutation: You have large cloven feet. [demonic
                  | ancestry]
   216 | D:1      | Reached XP level 2. HP: 16/23 MP: 2/2
   512 | D:1      | Reached skill level 1 in Axes
   627 | D:1      | Reached XP level 3. HP: 26/28 MP: 3/3
  1579 | D:2      | Noticed a centaur
  1582 | D:2      | Reached skill level 1 in Armour
  1593 | D:2      | Killed a centaur
  1593 | D:2      | Reached skill level 2 in Axes
  1593 | D:2      | Gained mutation: You have hoof-like feet. [demonic
                  | ancestry]
  1593 | D:2      | Reached XP level 4. HP: 16/35 MP: 4/4
  1767 | D:2      | Reached XP level 5. HP: 39/41 MP: 5/5
  1838 | D:2      | Found a bloodstained altar of Trog.
  1853 | D:2      | Became a worshipper of Trog the Wrathful
  1931 | D:2      | Reached skill level 1 in Shields
  2956 | D:3      | Noticed Jessica
  2963 | D:3      | Killed Jessica
  2963 | D:3      | Reached skill level 3 in Axes
  3039 | D:3      | Reached * piety under Trog
  3142 | D:4      | Noticed a phantom
  3759 | D:4      | Reached XP level 6. HP: 43/47 MP: 4/6
  4125 | D:5      | Entered Level 5 of the Dungeon
  4257 | D:4      | HP: 3/70 [gnoll/+0 flail (7)]
  4543 | D:4      | Found a transporter.
  4600 | D:4      | Found a transporter.
  4694 | D:4      | Reached skill level 4 in Axes
  5060 | D:4      | Gained mutation: When hurt, damage is shared between your
                  | health and your magic reserves. [demonic ancestry]
  5060 | D:4      | Reached XP level 7. HP: 40/53 MP: 4/7
  5585 | D:5      | HP: 2/53 [centaur (1)]
  5586 | D:5      | Slain by a centaur

Levels and vault maps discovered:
D:1:      eino_arrival_water_star, layout_loops_ring
D:2:      layout_basic, lemuel_coloured_pillars_altar, first_ration,
          minmay_pentomino_r4
D:3:      layout_rooms, uniq_jessica
D:4:      gammafunk_steamed_eel, layout_basic, wad_orctagon
D:5:      layout_layer_cave, nicolae_overflow_crystal_walls,
          mrwooster_statue_mirror, uniq_blork_the_orc

Skill      XL: |  1  2  3  4  5  6  7 |
---------------+----------------------+-----
Axes           | 1 2 3 4 |  4.3
Dodging        | 2 |  2.2
Armour         | 1 2 3 |  3.0
Fighting       | 3 |  3.7
Shields        | 1 2 |  2.0
Short Blades   | |  0.2
Throwing       | |  3.6
Stealth        | |  0.8

Action                   |  1- 3 |  4- 6 |  7- 9 || total
-------------------------+-------+-------+-------++-------
Melee: Short sword       |    20 |       |       ||    20
       Hand axe          |    97 |    75 |    71 ||   243
       Kick              |     4 |       |       ||     4
       Dagger            |    35 |   188 |       ||   223
Throw: Javelin           |       |    12 |     7 ||    19
       Throwing net      |       |     5 |     3 ||     8
Invok: Berserk           |       |     3 |     1 ||     4
Evoke: Wand              |       |     2 |     2 ||     4
  Use: Scroll            |       |     4 |       ||     4
       Potion            |       |       |     2 ||     2
 Stab: Sleeping          |     2 |       |       ||     2
  Eat: Chunk             |     2 |    11 |       ||    13
       Ration            |       |     1 |     1 ||     2
Armor: Leather armour    |    26 |       |    19 ||    45
       Plate armour      |    48 |   141 |       ||   189
Dodge: Dodged            |    82 |    12 |    24 ||   118
Block: Shield            |    47 |   101 |    28 ||   176

Table legend:
 A = Non-vault XP
 B = Vault XP
 C = Vault XP percentage of total XP
 D = Non-vault monster count
 E = Vault monster count
 F = Vault count percentage of total count
                 A         B        C        D         E       F
            +---------+---------+-------+---------+---------+-------
      Total |     648 |     172 |  21.0 |      89 |       9 |   9.2
            +---------+---------+-------+---------+---------+-------
        D:1 |      52 |       0 |   0.0 |      28 |       0 |   0.0
        D:2 |     175 |      15 |   7.9 |      25 |       2 |   7.4
        D:3 |      41 |      37 |  47.4 |      14 |       1 |   6.7
        D:4 |     345 |     120 |  25.8 |      20 |       6 |  23.1
        D:5 |      35 |       0 |   0.0 |       2 |       0 |   0.0
            +---------+---------+-------+---------+---------+-------
